SAA
VIRGINIA BEACH WHALES @ IRVING BLUE SOX
09/13/2037
 
TOP OF THE 1ST
Virginia Beach Whales batting - Pitching for Irving Blue Sox : RHP Jesús Cruz
Pitching: RHP Jesús Cruz
Batting: RHB Dave Thomas 0-0: Called Strike
0-1: Foul Ball, location: 2F
0-2: Foul Ball, location: 2F
0-2: Fly out, F8 (Flyball, 78M, EV 86.9 MPH)
Batting: RHB Mulia Muljana 0-0: Ball
1-0: Called Strike
1-1: Ball
2-1: Ball
3-1: SINGLE (Groundball, 56D, EV 96.9 MPH)
Batting: RHB Christian Patriarche 0-0: Ball
1-0: Swinging Strike
1-1: Ball
2-1: Ball
3-1: Foul Ball, location: 2F
3-2: Strikes out swinging
Batting: RHB Jorge Díaz 0-0: Ball
1-0: Foul Ball, location: 2F
1-1: Ball
2-1: Fielders Choice at 2nd, 5-4 (Groundball, 5L, EV 103.1 MPH)
Top of the 1st over - 0 runs, 1 hit, 0 errors, 1 left on base; Virginia Beach 0 - Irving 0
BOTTOM OF THE 1ST
Irving Blue Sox batting - Pitching for Virginia Beach Whales : LHP Nicolaas de Jongh
Pitching: LHP Nicolaas de Jongh
Batting: SHB Franck Kooijmans 0-0: Ball
1-0: Ball
2-0: Called Strike
2-1: Ball
3-1: Foul Ball, location: 2F
3-2: Foul Ball, location: 2F
3-2: Foul Ball, location: 2F
3-2: Ground out 5-3 (Groundball, 56S, EV 85.0 MPH)
Batting: RHB Juan Perales 0-0: Ball
1-0: Ground out 6-3 (Groundball, 6S, EV 87.5 MPH)
Batting: LHB Wilson Hernández 0-0: Ball
1-0: Ball
2-0: Foul Ball, location: 2F
2-1: SINGLE (Line Drive, 89S, EV 91.9 MPH)
Batting: SHB Govaart Baars 0-0: Called Strike
0-1: Ball
1-1: Foul Ball, location: 2F
1-2: DOUBLE (Flyball, 89D, EV 97.5 MPH)
Wilson Hernández to third
Wilson Hernández scores
Batting: LHB Ánibal Leobardo 0-0: Ball
1-0: Called Strike
1-1: Ground out 3-1 (Groundball, 34, EV 105.6 MPH)
Bottom of the 1st over - 1 run, 2 hits, 0 errors, 1 left on base; Virginia Beach 0 - Irving 1
TOP OF THE 2ND
Virginia Beach Whales batting - Pitching for Irving Blue Sox : RHP Jesús Cruz
Batting: RHB David Warren 0-0: Ball
1-0: Called Strike
1-1: Swinging Strike
1-2: Ball
2-2: Ball
3-2: Fly out, F9 (Line Drive, 9, EV 102.5 MPH)
Batting: RHB Ron Lawrence 0-0: Foul Ball, location: 2F
0-1: Ball
1-1: Ball
2-1: Foul Ball, location: 2F
2-2: Ground out 3-1 (Groundball, 34, EV 77.5 MPH)
Batting: SHB Xavier Mercier 0-0: Swinging Strike
0-1: Ball
1-1: Ball
2-1: Swinging Strike
2-2: Strikes out looking
Top of the 2nd over - 0 runs, 0 hits, 0 errors, 0 left on base; Virginia Beach 0 - Irving 1
BOTTOM OF THE 2ND
Irving Blue Sox batting - Pitching for Virginia Beach Whales : LHP Nicolaas de Jongh
Batting: RHB Dave Maxwell 0-0: Ball
1-0: Foul Ball, location: 2F
1-1: Fly out, F8 (Flyball, 8LD, EV 88.1 MPH)
Batting: RHB Francis Osborne 0-0: Called Strike
0-1: Foul Ball, location: 2F
0-2: Ball
1-2: Ball
2-2: Ball
3-2: Foul Ball, location: 2F
3-2: Strikes out swinging
Batting: LHB Mitchell Pate 0-0: Ball
1-0: Swinging Strike
1-1: Ball
2-1: Called Strike
2-2: Ball
3-2: Ground out 6-3 (Groundball, 6M, EV 102.5 MPH)
Bottom of the 2nd over - 0 runs, 0 hits, 0 errors, 0 left on base; Virginia Beach 0 - Irving 1
TOP OF THE 3RD
Virginia Beach Whales batting - Pitching for Irving Blue Sox : RHP Jesús Cruz
Batting: SHB Leon Green 0-0: Called Strike
0-1: Foul Ball, location: 2F
0-2: Ball
1-2: Ball
2-2: Foul Ball, location: 2F
2-2: Ball
3-2: Foul Ball, location: 2F
3-2: Ground out 4-3 (Groundball, 4, EV 85.6 MPH)
Batting: RHB Scott French 0-0: Ball
1-0: Ball
2-0: Ball
3-0: Called Strike
3-1: Fly out, F7 (Flyball, 7S, EV 88.1 MPH)
Batting: RHB Dave Thomas 0-0: Ball
1-0: Ball
2-0: Called Strike
2-1: Called Strike
2-2: Fly out, F8 (Flyball, 8RM, EV 71.9 MPH)
Top of the 3rd over - 0 runs, 0 hits, 0 errors, 0 left on base; Virginia Beach 0 - Irving 1
BOTTOM OF THE 3RD
Irving Blue Sox batting - Pitching for Virginia Beach Whales : LHP Nicolaas de Jongh
Batting: LHB António Escobeda 0-0: Foul Ball, location: 2F
0-1: Ball
1-1: Called Strike
1-2: Ball
2-2: Foul Ball, location: 2F
2-2: Ball
3-2: Ground out U3 (Groundball, 34S, EV 88.1 MPH)
Batting: SHB Franck Kooijmans 0-0: Ball
1-0: Fly out, F7 (Flyball, 78D, EV 99.4 MPH)
Batting: RHB Juan Perales 0-0: Called Strike
0-1: Fly out, F8 (Line Drive, 8RD, EV 92.5 MPH)
Bottom of the 3rd over - 0 runs, 0 hits, 0 errors, 0 left on base; Virginia Beach 0 - Irving 1
TOP OF THE 4TH
Virginia Beach Whales batting - Pitching for Irving Blue Sox : RHP Jesús Cruz
Batting: RHB Mulia Muljana 0-0: Ball
1-0: Swinging Strike
1-1: Ball
2-1: Ball
3-1: Fly out, F7 (Flyball, 7LM, EV 93.8 MPH)
Batting: RHB Christian Patriarche 0-0: Called Strike
0-1: Swinging Strike
0-2: Ball
1-2: SINGLE (Flyball, 7LS, EV 93.1 MPH)
Batting: RHB Jorge Díaz 0-0: Ball
1-0: Ball
2-0: Foul Ball, location: 2F
2-1: Fly out, F9 (Flyball, 89M, EV 96.2 MPH)
Batting: RHB David Warren 0-0: Called Strike
0-1: Foul Ball, location: 2F
0-2: Ball
1-2: Ball
2-2: Ball
3-2: SINGLE (Groundball, 56D, EV 96.2 MPH)
Christian Patriarche to second
Christian Patriarche to third
Batting: RHB Ron Lawrence 0-0: Ball
1-0: Foul Ball, location: 2F
1-1: Foul Ball, location: 2F
1-2: Fly out, F5 (Popup, 5, EV 60.0 MPH)
Top of the 4th over - 0 runs, 2 hits, 0 errors, 2 left on base; Virginia Beach 0 - Irving 1
BOTTOM OF THE 4TH
Irving Blue Sox batting - Pitching for Virginia Beach Whales : LHP Nicolaas de Jongh
Batting: LHB Wilson Hernández 0-0: Called Strike
0-1: Ball
1-1: SINGLE (Groundball, 34D, EV 95.6 MPH)
Batting: SHB Govaart Baars 0-0: Foul Ball, location: 2F
0-1: Foul Ball, location: 2F
0-2: Fly out, F6 (Popup, 6MS, EV 78.1 MPH)
Batting: LHB Ánibal Leobardo 0-0: Ball
1-0: Called Strike
1-1: Ball
Wilson Hernández steals 2nd base
2-1: Ball
3-1: Foul Ball, location: 2F
3-2: Base on Balls
Batting: RHB Dave Maxwell 0-0: Ball
1-0: Ball
2-0: Ball
3-0: Base on Balls
Wilson Hernández to third
Ánibal Leobardo to second
Batting: RHB Francis Osborne 0-0: Fly out, F8 (Flyball, 8RS, EV 87.5 MPH)
Batting: LHB Mitchell Pate 0-0: Ball
1-0: Swinging Strike
1-1: Foul Ball, location: 2F
1-2: Ball
2-2: Ball
3-2: Foul Ball, location: 2F
3-2: Foul Ball, location: 2F
3-2: Base on Balls
Wilson Hernández scores
Ánibal Leobardo to third
Dave Maxwell to second
Batting: LHB António Escobeda 0-0: Ball
1-0: Fly out, F7 (Flyball, 78M, EV 86.2 MPH)
Bottom of the 4th over - 1 run, 1 hit, 0 errors, 3 left on base; Virginia Beach 0 - Irving 2
TOP OF THE 5TH
Virginia Beach Whales batting - Pitching for Irving Blue Sox : RHP Jesús Cruz
Batting: SHB Xavier Mercier 0-0: Called Strike
0-1: Ground out 4-3 (Groundball, 34, EV 83.8 MPH)
Batting: SHB Leon Green 0-0: Called Strike
0-1: Foul Ball, location: 2F
0-2: Fly out, F9 (Flyball, 9S, EV 93.8 MPH)
Batting: RHB Scott French 0-0: Fly out, F8 (Flyball, 8RS, EV 95.0 MPH)
Top of the 5th over - 0 runs, 0 hits, 0 errors, 0 left on base; Virginia Beach 0 - Irving 2
BOTTOM OF THE 5TH
Irving Blue Sox batting - Pitching for Virginia Beach Whales : LHP Nicolaas de Jongh
Pitching: LHP Cody Wilson
Batting: SHB Franck Kooijmans 0-0: Called Strike
0-1: Ball
1-1: Swinging Strike
1-2: Strikes out looking
Batting: RHB Juan Perales 0-0: Foul Ball, location: 2F
0-1: Ball
1-1: Swinging Strike
1-2: Foul Ball, location: 2F
1-2: Ball
2-2: Strikes out swinging
Batting: LHB Wilson Hernández 0-0: Called Strike
0-1: Swinging Strike
0-2: Strikes out looking
Bottom of the 5th over - 0 runs, 0 hits, 0 errors, 0 left on base; Virginia Beach 0 - Irving 2
TOP OF THE 6TH
Virginia Beach Whales batting - Pitching for Irving Blue Sox : RHP Jesús Cruz
Batting: RHB Dave Thomas 0-0: Called Strike
0-1: Ground out 6-3 (Groundball, 6, EV 87.5 MPH)
Batting: RHB Mulia Muljana 0-0: Ball
1-0: Ground out 4-3 (Groundball, 4, EV 88.1 MPH)
Batting: RHB Christian Patriarche 0-0: Called Strike
0-1: Swinging Strike
0-2: Strikes out swinging
Top of the 6th over - 0 runs, 0 hits, 0 errors, 0 left on base; Virginia Beach 0 - Irving 2
BOTTOM OF THE 6TH
Irving Blue Sox batting - Pitching for Virginia Beach Whales : LHP Cody Wilson
Batting: SHB Govaart Baars 0-0: Foul Ball, location: 2F
0-1: Ground out U3 (Groundball, 34S, EV 65.6 MPH)
Batting: LHB Ánibal Leobardo 0-0: Fly out, F6 (Popup, 56, EV 58.1 MPH)
Batting: RHB Dave Maxwell 0-0: Called Strike
0-1: Ball
1-1: Called Strike
1-2: Fly out, F8 (Line Drive, 8LM, EV 105.0 MPH)
Bottom of the 6th over - 0 runs, 0 hits, 0 errors, 0 left on base; Virginia Beach 0 - Irving 2
TOP OF THE 7TH
Virginia Beach Whales batting - Pitching for Irving Blue Sox : RHP Jesús Cruz
Batting: RHB Jorge Díaz 0-0: Called Strike
0-1: Fly out, F2 (Popup, 25F, EV 86.2 MPH)
Batting: RHB David Warren 0-0: Called Strike
0-1: Swinging Strike
0-2: Ball
1-2: Ball
2-2: Strikes out swinging
Batting: RHB Ron Lawrence 0-0: Called Strike
0-1: Ball
1-1: Ball
2-1: Foul Ball, location: 2F
2-2: Ground out 1-3 (Groundball, 34S, EV 81.2 MPH)
Top of the 7th over - 0 runs, 0 hits, 0 errors, 0 left on base; Virginia Beach 0 - Irving 2
BOTTOM OF THE 7TH
Irving Blue Sox batting - Pitching for Virginia Beach Whales : LHP Cody Wilson
Batting: RHB Francis Osborne 0-0: Ball
1-0: Ball
2-0: Foul Ball, location: 2F
2-1: Foul Ball, location: 2F
2-2: Foul Ball, location: 2F
2-2: Strikes out swinging
Batting: LHB Mitchell Pate 0-0: Called Strike
0-1: Swinging Strike
0-2: SINGLE (Groundball, 56D, EV 106.9 MPH)
Batting: LHB António Escobeda 0-0: Ball
1-0: Fly out, F7 (Flyball, 7, EV 89.4 MPH)
Batting: SHB Franck Kooijmans 0-0: Swinging Strike
0-1: Foul Ball, location: 2F
0-2: Ball
Mitchell Pate steals 2nd base (no throw)
1-2: Ball
2-2: Ball
3-2: Foul Ball, location: 2F
3-2: Foul Ball, location: 2F
3-2: Fly out, F8 (Flyball, 78M, EV 86.2 MPH)
Bottom of the 7th over - 0 runs, 1 hit, 0 errors, 1 left on base; Virginia Beach 0 - Irving 2
TOP OF THE 8TH
Virginia Beach Whales batting - Pitching for Irving Blue Sox : RHP Jesús Cruz
Pitching: RHP Joe Martarano
Batting: SHB Xavier Mercier 0-0: Fly out, F6 (Popup, P, EV 88.8 MPH)
Batting: SHB Leon Green 0-0: Foul Ball, location: 2F
0-1: SOLO HOME RUN (Flyball, 9D, EV 115.6 MPH), Distance : 380 ft
Batting: RHB Scott French 0-0: Ball
1-0: Called Strike
1-1: Foul Ball, location: 2F
1-2: Ball
2-2: Ground out 6-3 (Groundball, 6S, EV 68.8 MPH)
Batting: RHB Dave Thomas 0-0: Foul Ball, location: 2F
0-1: Ball
1-1: Foul Ball, location: 2F
1-2: Strikes out looking
Top of the 8th over - 1 run, 1 hit, 0 errors, 0 left on base; Virginia Beach 1 - Irving 2
BOTTOM OF THE 8TH
Irving Blue Sox batting - Pitching for Virginia Beach Whales : LHP Cody Wilson
Batting: RHB Juan Perales 0-0: Called Strike
0-1: Ball
1-1: Called Strike
1-2: Ball
2-2: Foul Ball, location: 2F
2-2: Ball
3-2: Foul Ball, location: 2F
3-2: Base on Balls
Batting: LHB Wilson Hernández 0-0: Swinging Strike
0-1: Foul Ball, location: 2F
0-2: Ball
1-2: 2-RUN HOME RUN (Flyball, 9LD, EV 103.1 MPH), Distance : 356 ft
Batting: SHB Govaart Baars 0-0: Fly out, F7 (Flyball, 7D, EV 90.0 MPH)
Batting: LHB Ánibal Leobardo 0-0: Called Strike
0-1: Ground out 4-3 (Groundball, 4S, EV 83.1 MPH)
Batting: RHB Dave Maxwell 0-0: Ball
1-0: Called Strike
1-1: Ball
2-1: Ball
3-1: Foul Ball, location: 2F
3-2: SINGLE (Line Drive, 34D, EV 105.0 MPH)
Batting: RHB Francis Osborne 0-0: Ball
1-0: Swinging Strike
1-1: Foul Ball, location: 2F
1-2: Reached via error on a dropped throw from 1B, E1 (Groundball, 34D, EV 100.6 MPH)
Dave Maxwell to second
Batting: LHB Mitchell Pate 0-0: Ball
1-0: Foul Ball, location: 2F
1-1: Ball
2-1: Foul Ball, location: 2F
2-2: Foul Ball, location: 2F
2-2: Foul Ball, location: 2F
2-2: Ball
3-2: Fly out, F2 (Popup, 25F, EV 85.6 MPH)
Bottom of the 8th over - 2 runs, 2 hits, 1 error, 2 left on base; Virginia Beach 1 - Irving 4
TOP OF THE 9TH
Virginia Beach Whales batting - Pitching for Irving Blue Sox : RHP Joe Martarano
Pitching: RHP Cheung Lai
Batting: RHB Mulia Muljana 0-0: Ball
1-0: Foul Ball, location: 2F
1-1: Ball
2-1: SINGLE (Groundball, 6MD, EV 105.6 MPH)
Batting: RHB Christian Patriarche 0-0: Called Strike
0-1: Ball
1-1: Ball
2-1: Called Strike
2-2: Foul Ball, location: 2F
2-2: Fly out, F5 (Popup, 5SF, EV 70.6 MPH)
Batting: RHB Jorge Díaz 0-0: Foul Ball, location: 2F
0-1: Ball
1-1: Ball
2-1: Fly out, F7 (Flyball, 7D, EV 93.1 MPH)
Batting: RHB David Warren 0-0: Ball
1-0: Called Strike
1-1: Ball
2-1: Ball
3-1: Base on Balls
Mulia Muljana to second
Batting: RHB Ron Lawrence 0-0: Called Strike
0-1: Ball
1-1: Ball
2-1: Fielders Choice at 2nd, 6-4 (Groundball, 6, EV 87.5 MPH)
Top of the 9th over - 0 runs, 1 hit, 0 errors, 2 left on base; Virginia Beach 1 - Irving 4
Thursday, January 23rd, 2020 - OOTP Baseball 20.8 Build 74